 Seeded DCSS version 0.26.0-45-g9c1d065592 (webtiles) character file.

Game seed: 15380089594623195496 (custom seed)

78 polo the Shooter (level 4, -2/38 HPs)
             Began as a Minotaur Hunter on Jan 28, 2021.
             Shot with a stone by a goblin (5 damage)
             ... led by Robin
             ... on level 2 of the Dungeon.
             The game lasted 00:02:00 (993 turns).

polo the Shooter (Minotaur Hunter)                   Turns: 993, Time: 00:02:01

Health: -2/38      AC:  6    Str: 17    XL:     4   Next: 15%
Magic:  3/3        EV: 11    Int: 14    God:
Gold:   46         SH:  0    Dex: 11    Spells: 3/3 levels left

rFire    . . .     SeeInvis .   b - +0 short sword
rCold    . . .     Faith    .   (no shield)
rNeg     . . .     Spirit   .   n - +0 ring mail
rPois    .         Reflect  .   (helmet restricted)
rElec    .         Harm     .   (no cloak)
rCorr    .         Rampage  .   l - +0 pair of gloves
Will     .....                  (no boots)
Stlth    ++........             (no amulet)
HPRegen  0.12/turn              g - ring of stealth
MPRegen  0.08/turn              m - +6 ring of intelligence

@: no status effects
A: retaliatory headbutt, horns 2
a: no special abilities


You were on level 2 of the Dungeon.
You visited 1 branch of the dungeon, and saw 2 of its levels.

You collected 46 gold pieces.

Inventory:

Hand Weapons
 a - a +1 shortbow
 b - a +0 short sword (weapon)
Missiles
 d - 50 arrows
Armour
 l - a +0 pair of gloves (worn)
 n - a +0 ring mail (worn)
Jewellery
 g - a ring of stealth (left hand)
 m - a +6 ring of intelligence (right hand)
Scrolls
 e - 2 scrolls of fear {unknown}
 h - 2 scrolls of remove curse {unknown}
 j - a scroll of blinking {unknown}
 k - a scroll of enchant armour {unknown}
Potions
 f - a potion of magic {unknown}
 i - a potion of degeneration {unknown}


   Skills:
 + Level 3.3 Fighting
 - Level 0.2 Short Blades
 * Level 5.8 Bows
 - Level 2.1 Dodging
 - Level 0.7 Stealth


You had 3 spell levels left.
You didn't know any spells.
Your spell library was empty.

Dungeon Overview and Level Annotations

Branches:
Dungeon (2/15)

Altars:

Annotations:
D:2 Robin


Innate Abilities, Weirdness & Mutations

You reflexively headbutt those who attack you in melee.
You have a pair of horns on your head.


Message History

You kill the goblin!
You closely miss the hobgoblin. The hobgoblin closely misses you.
You hit the hobgoblin.
The hobgoblin is severely wounded.
A goblin comes into view.
The goblin hits you with a +0 club!
* * * LOW HITPOINT WARNING * * *
The hobgoblin completely misses you.
Robin hits you from afar with a +0 spear.
* * * LOW HITPOINT WARNING * * *
Things that are here:
a +0 dagger; a goblin corpse The goblin shouts!
The goblin unwields a +0 club.
The goblin wields a +0 hunting sling.
The goblin shoots a stone.
The stone barely misses you. The hobgoblin hits you with a +0 club.
* * * LOW HITPOINT WARNING * * *
The hobgoblin no longer looks unusually strong.
The goblin shoots a stone.
The stone hits you.
You die...

.g.# ..
#≈≈≈÷≈≈≈≈≈≈≈≈..
........
#≈≈≈≈≈≈≈≈≈≈≈.≈.
....##...
#≈[≈≈≈≈≈≈≈≈≈≈≈.
#....
##≈)≈..≈≈..≈.≈..
'....
#.≈≈≈≈≈..≈..≈≈≈.
#.....
#.g..####...#...
#.....###)###
...###.
#....g...####
...#
#....#@g....# .#
#...........#
#####.......#
#.......#
#(......#
#.......#
#.......#
#.......#
#.......#


You could see a hobgoblin and 2 goblins.

Vanquished Creatures
  Terence (D:2)
  A dart slug (D:1)
  7 bats (D:1)
  A giant cockroach (D:1)
  9 goblins
  7 hobgoblins
  2 jackals (D:1)
  7 kobolds (D:1)
  8 frilled lizards
  3 rats
46 creatures vanquished.

Notes
Turn   | Place    | Note
-------+----------+-------------------------------------------
     0 | D:1      | polo the Minotaur Hunter began the quest for the Orb.
     0 | D:1      | Reached XP level 1. HP: 18/18 MP: 0/0
    77 | D:1      | Reached XP level 2. HP: 24/25 MP: 1/1
    88 | D:1      | Reached skill level 5 in Bows
   416 | D:1      | Reached XP level 3. HP: 30/30 MP: 2/2
   719 | D:2      | Found a faded altar of an unknown god.
   722 | D:2      | Noticed Terence
   741 | D:2      | Killed Terence
   961 | D:2      | Noticed Robin
   974 | D:2      | Reached XP level 4. HP: 34/38 MP: 3/3
   993 | D:2      | Shot with a stone by a goblin

Illustrated notes

Levels and vault maps discovered:
D:1:      grunt_arrival_crossed_arrows, layout_rooms, minmay_misc_feat_tower,
          moated_statue
D:2:      layout_basic, chequers_ecumenical_altar_island, uniq_jessica,
          uniq_robin, uniq_terence

Skill      XL: |  1  2  3 |
---------------+----------+-----
Bows           | 5 |  5.8
Fighting       | 3 |  3.3
Short Blades   | |  0.2
Dodging        | |  2.1
Stealth        | |  0.7

Action                   |  1- 3 |  4- 6 || total
-------------------------+-------+-------++-------
Melee: Short sword       |    72 |     8 ||    80
       Headbutt          |    12 |     2 ||    14
 Stab: Sleeping          |     3 |       ||     3
Armor: Leather armour    |    14 |       ||    14
       Ring mail         |     1 |     5 ||     6
Dodge: Dodged            |    59 |     8 ||    67
